 Dungeon Crawl Stone Soup version 0.31-a0-986-g5e6e4ef867 (webtiles) character file.

Game seed: 9282874616523828515

884 dialectric the Ruffian (level 7, -3/65 (68) HPs)
             Began as a Troll Shapeshifter on Nov 23, 2023.
             Was a Follower of Makhleb.
             Slain by a wight
             ... wielding a +0 halberd
              (17 damage)
             ... on level 6 of the Dungeon.
             The game lasted 00:05:41 (4261 turns).

dialectric the Ruffian (Troll Shapeshifter)         Turns: 4261, Time: 00:05:41

HP:   -3/65 (68)    AC:  4    Str: 25    XL:     7   Next: 76%
MP:   6/6           EV: 10    Int:  6    God:    Makhleb [*.....]
Gold: 208           SH:  0    Dex:  9    Spells: 6/6 levels left

rFire   . .          .
                       - Unarmed
rCold   . . .        (no shield)
rNeg    . . .        a - +0 animal skin
rPois   .            (helmet currently unavailable)
rElec   .            (cloak currently unavailable)
rCorr   .            (gloves unavailable)
SInv    .            (boots unavailable)
Will    .....        (no amulet)
Stlth   +            (no ring)
HPRegen 1.10/turn    (no ring)
MPRegen 0.10/turn

%: no passive effects
@: beast-form, lightly drained
A: beast (slay +2), large, unfitting armour, claws 3, regeneration 1, shaggy fur
1, tough skin 1
a: Begin Untransformation, Renounce Religion


You were on level 6 of the Dungeon.
You worshipped Makhleb.
Makhleb was aware of your devotion.
You were a hulking beast.
You visited 2 branches of the dungeon, and saw 7 of its levels.

You collected 440 gold pieces.
You spent 232 gold pieces at shops.

Inventory:

Hand Weapons
 r - a +1 flail of protection
Missiles
 l - 5 javelins
 w - 7 large rocks (quivered)
 x - 3 curare-tipped darts
 A - 4 poisoned darts
Armour
 a - a +0 animal skin (worn)
Jewellery
 f - an amulet of faith
 p - a ring of poison resistance
Talismans
 c - a beast talisman
 d - a flux talisman
Scrolls
 e - 5 scrolls of identify {unknown}
 i - 9 scrolls of teleportation
 j - 3 scrolls of blinking {unknown}
 k - a scroll of butterflies {unknown}
 n - 2 scrolls of brand weapon {unknown}
 q - a scroll of torment {unknown}
 s - a scroll of enchant armour
 t - 2 scrolls of poison {unknown}
 u - a scroll of silence {unknown}
 v - a scroll of immolation {unknown}
 y - a scroll of vulnerability {unknown}
 z - a scroll of enchant weapon {unknown}
Potions
 b - 2 potions of lignification
 g - 5 potions of heal wounds
 h - a potion of haste {unknown}
 m - 4 potions of curing
 o - a potion of magic {unknown}
 B - a potion of might {unknown}


   Skills:
 * Level 3.6 Fighting
 + Level 4.4 Dodging
 + Level 5.0 Unarmed Combat
 + Level 4.7 Shapeshifting


You had 6 spell levels left.
You didn't know any spells.
Your spell library contained the following spells:

 Spells                   Type           Power      Damage    Failure   Level
 Magic Dart               Conj           0%         1d3       45%         1
 Call Imp                 Summ           0%         N/A       58%         2
 Mephitic Cloud           Conj/Pois/Air  0%         N/A       83%         3
 Ozocubu's Armour         Ice            0%         N/A       83%         3
 Ozocubu's Refrigeration  Ice            0%         4d7       100%        7


Dungeon Overview and Level Annotations

Branches:
Dungeon (6/15)             Temple (1/1) D:4

Altars:
Ashenzari
Cheibriados
Dithmenos
Fedhas
Gozag
Hepliaklqana
Kikubaaqudgha
Makhleb
Nemelex Xobeh
Qazlal
Ru
Sif Muna
Trog
Uskayaw
Wu Jian
Xom
Yredelemnul
Zin
The Shining One

Shops:
D:2 !   D:3 ?   D:4 (?!(=


Innate Abilities, Weirdness & Mutations

You are a hulking beast.
Your limbs bulge with bestial killing power. (Slay +2)
You are too large for most types of armour.
You have claws for hands.
Your natural rate of healing is unusually fast.
You are covered in fur. (AC +1)
You have tough skin. (AC +1)


Message History

You see here 4 poisoned darts.
A - 4 poisoned darts You now have 208 gold pieces (gained 14).
Found a stone staircase leading down.
No target in view!
B - a viscous dark potion A wight comes into view.
It is wielding a +1 mace of freezing.
A wight is nearby! 2 wights come into view.
The wight moves out of view.
A wight comes into view. It is wielding a +0 halberd.
The wight barely misses you. x2
You scratch the wight but do no damage. The wight hits you with a +2 hand axe.
The wight hits you with a +1 mace of freezing.
You feel drained. The wight freezes you.
You closely miss the wight. The wight barely misses you.
You scratch the wight.
The wight is moderately damaged.
You claw the wight!
The wight is severely damaged.
The wight hits you from afar with a +0 trident!
You feel drained.
The wight hits you from afar with a +0 halberd!
The wight hits you with a +1 mace of freezing!
You feel drained. The wight freezes you. The wight attacks as it pursues you!
The wight barely misses you.
You claw the wight!
You destroy the wight!
Makhleb accepts your kill.
Your Unarmed Combat skill increases to level 5!
The wight hits you with a +0 trident!
You feel drained.
The wight hits you from afar with a +0 halberd!
* * * LOW HITPOINT WARNING * * *
Things that are here:
a +2 hand axe; a +0 robe You claw the wight! x2
The wight is almost destroyed.
The wight closely misses you.
The wight hits you from afar with a +0 halberd!
You die...

.###.#####.#.#####.# .#
#.......#....##.##..
.###.#######.##.......#
.....# #...###.##..
>..### #.#.###.# ...#
#.......# ...#
###.##### ...# #.#####
...# #..hzz# ...####
#.###z.....# ........
#.# ......# ........
#.# ......# ........
..# ......# ...#####
#.# ......# ...# #..
.###### ..... #. .#
...##.


You could see 3 wights.

Vanquished Creatures
  Edmund (D:4)
  2 ogres (D:5)
  A kobold brigand (D:5)
  2 scorpions (D:5)
  A wight (D:6)
  3 hounds
  2 jellies
  An orc priest (D:3)
  An orc wizard (D:6)
  5 adders
  A worm (D:2)
  3 dart slugs
  11 orcs
  6 bats
  3 endoplasms
  5 giant cockroaches
  11 goblins
  4 hobgoblins
  9 jackals
  8 quokkas
  8 ball pythons
  A frilled lizard (D:2)
  9 kobolds
  10 rats
108 creatures vanquished.

Notes
Turn   | Place    | Note
-------+----------+-------------------------------------------
     0 | D:1      | dialectric the Troll Shapeshifter began the quest for the
                  | Orb.
     0 | D:1      | Reached XP level 1. HP: 18/18 MP: 0/0
   178 | D:1      | Reached skill level 1 in Fighting
   189 | D:1      | Reached XP level 2. HP: 27/27 MP: 1/1
   251 | D:1      | Found a faded altar of an unknown god.
   946 | D:2      | Reached XP level 3. HP: 30/33 MP: 2/2
  1242 | D:2      | Found Elauth's Distillery.
  1256 | D:2      | Bought a potion of lignification for 33 gold pieces
  1283 | D:2      | Reached XP level 4. HP: 41/41 MP: 3/3
  1599 | D:3      | Found a stormy altar of Qazlal.
  1783 | D:3      | Found Sola's Magic Scroll Shop.
  1786 | D:3      | Bought a scroll of teleportation for 39 gold pieces
  2084 | D:4      | Found Bioweisozeng's Antique Weapon Shop.
  2157 | D:4      | Found a staircase to the Ecumenical Temple.
  2164 | D:4      | Reached XP level 5. HP: 49/49 MP: 4/4
  2171 | Temple   | Entered the Ecumenical Temple
  2199 | Temple   | Became a worshipper of Makhleb the Destroyer
  2268 | D:4      | Found a hazy altar of Hepliaklqana.
  2268 | D:4      | Found a sacrificial altar of Ru.
  2268 | D:4      | Found a broken altar of Ashenzari.
  2299 | D:4      | Found a shimmering altar of Xom.
  2302 | D:4      | Found a blossoming altar of Fedhas.
  2305 | D:4      | Found a glowing golden altar of the Shining One.
  2309 | D:4      | Found a snail-covered altar of Cheibriados.
  2310 | D:4      | Found an ancient bone altar of Kikubaaqudgha.
  2407 | D:4      | Found Qoqut's Weapon Shoppe.
  2444 | D:4      | Found Gauw's Distillery.
  2458 | D:4      | Bought a potion of curing for 39 gold pieces
  2458 | D:4      | Bought a potion of curing for 39 gold pieces
  2472 | D:4      | Found Beyfaus's Jewellery Boutique.
  2476 | D:4      | Noticed Edmund
  2488 | D:4      | Killed Edmund
  2489 | D:4      | Reached skill level 4 in Unarmed Combat
  2489 | D:4      | Reached XP level 6. HP: 21/57 MP: 5/5
  2574 | D:4      | Found Jiepeh's Magic Scroll Shoppe.
  2584 | D:4      | Bought a scroll of enchant armour for 82 gold pieces
  2785 | D:5      | Entered Level 5 of the Dungeon
  2948 | D:5      | Found a large runed translucent door.
  2953 | D:5      | Found a large runed translucent door.
  2956 | D:5      | Found a shimmering altar of Xom.
  3033 | D:5      | Reached XP level 7. HP: 66/66 MP: 6/6
  3256 | D:5      | Identified the +1 dagger of a treasure trove {chaos, Int+3}
  3541 | D:5      | Reached * piety under Makhleb
  4102 | D:6      | Found an opulent altar of Gozag.
  4260 | D:6      | Reached skill level 5 in Unarmed Combat
  4261 | D:6      | Slain by a wight

Illustrated notes

Levels and vault maps discovered:
D:1:      nagdon_arrival_zigzag_paths, layout_basic,
          hellmonk_ecumenical_altar_inner_sanctum, serial_bayou_ford_a
D:2:      layout_basic, serial_shops, nicolae_shop_tiny_waterfront,
          nicolae_figureground_pulse
D:3:      layout_loops_ring, mainiacjoe_overflow_tiny_flanked, serial_shops,
          nicolae_shop_rolled_up, corexii_corridor_pit
D:4:      layout_basic, nicolae_overflow_hallway_of_the_gods,
          minmay_temple_entry_offerings, serial_shops,
          nicolae_shop_rolling_square, nicolae_shop_tiny_statue_garden, shop,
          nicolae_shop_back_alley_shop, nicolae_shop_gaudy_bauble, serial_glass,
          glass_columns_a, glass_columns_b, uniq_edmund
D:5:      due_chaos_kobolds, layout_cave_pods, minmay_ogre_servants
D:6:      layout_loops_cross, nicolae_gozag_cash_rules_everything_around_me,
          uniq_maggie
Temple:   chequers_temple_sunken

Skill      XL: |  1  2  3  4  5  6  7 |
---------------+----------------------+-----
Fighting       | 1 2 3 |  3.6
Dodging        | 2 3 4 |  4.4
Unarmed Combat | 4 5 |  5.0
Shapeshifting  | 4 |  4.7

Action                     |  1- 3 |  4- 6 |  7- 9 || total
---------------------------+-------+-------+-------++-------
  Melee: Unarmed           |    86 |   108 |    60 ||   254
         Punch             |     1 |     2 |     2 ||     5
    Use: Potion            |       |       |     1 ||     1
   Stab: Sleeping          |       |     2 |       ||     2
 Armour: Animal skin       |    56 |    54 |    43 ||   153
  Dodge: Dodged            |    37 |    37 |    27 ||   101

Table legend: (Time is in decaauts)
 A = Elapsed time spent in this place.
 B = Non-inter-level travel time spent in this place.
 C = Inter-level travel time spent in this place.
 D = Time resting spent in this place.
 E = Time spent auto-exploring this place.
 F = Levels seen in this place.
 G = Mean time per level.
                   A        B        C        D        E       F      G
               +--------+--------+--------+--------+--------+-----+--------+
         Total |   4240 |   4008 |    232 |      0 |   3288 |   7 |  605.7 |
       Dungeon |   4185 |   3979 |    206 |      0 |   3288 |   6 |  697.5 |
        Temple |     54 |     28 |     26 |      0 |      0 |   1 |   54.0 |
               +--------+--------+--------+--------+--------+-----+--------+

Top non-repeatable levels by time:
     D:5: 1298 daAuts
     D:1: 864 daAuts
     D:4: 642 daAuts
     D:3: 610 daAuts
     D:2: 599 daAuts
     D:6: 170 daAuts
  Temple: 54 daAuts
